cohdb
Replays
Latest Replays
All Replays
Popular Replays
Top Player Replays
Match Explorer
How It Works
Community
CoH3 Stats
Reddit
Sign in to upload your games and track your stats! →
Sign in with Steam
Match 42116126
Unlisted
Match 42116126
Overview
Messages
Build Orders
End
Vickers Machine Gun Team
Construct Section Command Post
Selects Air and Sea Battlegroup
Infantry Section
Infantry Section
Infantry Section
Construct Field Infirmary
Infantry Section
Grenade Package
Construct Platoon Command Post
Selects Commando Section Paradrop
Selects M1 Pack Howitzer Paradrop
Selects Supply Surplus
6-pounder Anti-tank Gun Team
Construct Company Command Post
Unlock M3 Grant Medium Tanks
M1 Pack Howitzer Paradrop
M3 Grant Medium Tank
Selects UNKNOWN (223837)
Selects Naval Bombardment
Papa Rojo
FORTIS_FRTUNA
UBERdumpster
FireFang
Sher
Ceronbalas
Voodoo408
[SE:VH] Queiroz
0
0
Comments
sign in to comment!
No comments posted yet!